 Dungeon Crawl Stone Soup version 0.19.1 (webtiles) character file.

22 M4edhros the Grave Robber (level 2, -2/17 HPs)
             Began as an Octopode Necromancer on Dec 13, 2016.
             Slain by an orc (3 damage)
             ... on level 3 of the Dungeon on Dec 14, 2016.
             The game lasted 00:02:53 (499 turns).

M4edhros the Grave Robber (Octopode Necromancer)     Turns: 499, Time: 00:02:53

Health: -2/17      AC:  1    Str:  7    XL:     2   Next: 91%
Magic:  0/5        EV: 13    Int: 17    God:
Gold:   59         SH:  0    Dex: 12    Spells: 2 memorised, 3 levels left

rFire  . . .     SeeInvis .       - Unarmed
rCold  + . .     Gourm    .     (no shield)
rNeg   . . .     Faith    +     (helmet restricted)
rPois  .         Spirit   .     e - amulet of faith
rElec  .         Reflect  .     h - ring of protection from cold (curse)
rCorr  .         Harm     .     (no ring)
MR     .....                    (no ring)
Stlth  +++.......               (no ring)
                                (no ring)
                                (no ring)
                                (no ring)
                                (no ring)

@: no status effects
A: almost no armour, stealthy swim, amphibious, 8 rings, constrict 8, camouflage
1, gelatinous body 1
a: no special abilities


You were on level 3 of the Dungeon.
You were not hungry.

You visited 1 branch of the dungeon, and saw 3 of its levels.

You collected 59 gold pieces.

Inventory:

Jewellery
 e - an amulet of faith (around mantle)
 h - a cursed ring of protection from cold (left tentacle)
Scrolls
 c - 2 scrolls of blinking {unknown}
 d - a scroll of remove curse {unknown}
Books
 a - a book of Necromancy

   Spells                             Type                      Level
   a - Pain                           Necromancy                   1
   b - Animate Skeleton               Necromancy                   1
   c - Vampiric Draining              Necromancy                   3
   d - Regeneration                   Charms/Necromancy            3
   e - Animate Dead                   Necromancy                   4
   f - Control Undead                 Necromancy                   4
Comestibles
 b - a bread ration
 g - a chunk of flesh


   Skills:
 - Level 2.0 Dodging
 - Level 2.6 Stealth
 + Level 2.4 Unarmed Combat
 - Level 2.0 Spellcasting
 - Level 4.0 Necromancy


You had 3 spell levels left.
You knew the following spells:

 Your Spells              Type           Power        Failure   Level  Hunger
a - Pain                  Necr           ###.         3%          1    #......
b - Animate Skeleton      Necr           N/A          3%          1    #......


Dungeon Overview and Level Annotations

Branches:
Dungeon (3/15)

Altars:
The Shining One


Innate Abilities, Weirdness & Mutations

You cannot wear most types of armour.
You are very stealthy in the water. (Stealth+)
You are amphibious.
You can wear up to eight rings at the same time.
You can use your tentacles to constrict eight enemies at once.
Your skin changes colour to match your surroundings (Stealth+).
Your rubbery body absorbs attacks. (AC +1, EV +1)


Message History

The orc barely resists.
Casting: Pain
Confirm with . or Enter, or press ? or * to list all spells.
Aiming: Pain
Press: ? - help, Shift-Dir - straight line, f/p - orc
Aim: an orc (chance to defeat MR: 85%)
The orc writhes in agony!
Casting: Pain
Confirm with . or Enter, or press ? or * to list all spells.
Aiming: Pain
Press: ? - help, Shift-Dir - straight line, f/p - orc
Aim: an orc (heavily wounded, chance to defeat MR: 85%)
The orc writhes in agony!
The orc misses you.
Casting: Pain
Confirm with . or Enter, or press ? or * to list all spells.
Aiming: Pain
Press: ? - help, Shift-Dir - straight line, f/p - orc
Aim: an orc (heavily wounded, chance to defeat MR: 85%)
The orc barely resists.
The orc hits you.
You die...

####### ...)... .......
### ......... #..
........( #.# .....[...
#.######.......#
#>..)..@o......+
#.######.......#
##.######......%#
#.....w.'.<.?...#
#......##.....=.#
########.####.##.......#
............#.##.......#
##.#####'#.##.##########
#......##.#


You could see an orc.

Vanquished Creatures
  2 orcs (D:3)
  A bat (D:2)
  3 giant cockroaches
  4 goblins
  A hobgoblin (D:1)
  A quokka (D:3)
  3 frilled lizards
  A kobold (D:3)
  2 rats (D:1)
18 creatures vanquished.

Notes
Turn   | Place    | Note
-------+----------+-------------------------------------------
     0 | D:1      | M4edhros the Octopode Necromancer began the quest for the Orb.
     0 | D:1      | Reached XP level 1. HP: 11/11 MP: 3/3
    73 | D:1      | Reached skill level 1 in Unarmed Combat
   123 | D:1      | Found a glowing golden altar of the Shining One.
   143 | D:1      | Reached XP level 2. HP: 9/17 MP: 1/5
   335 | D:3      | Learned a level 1 spell: Animate Skeleton
   499 | D:3      | Slain by an orc

Skill      XL: |  1  2 |
---------------+-------+-----
Unarmed Combat | 1 2 |  2.4
Dodging        | |  2.0
Stealth        | |  2.6
Spellcasting   | |  2.0
Necromancy     | |  4.0

Action                   || total
-------------------------++-------
Melee: Unarmed           ||     4
       Constrict         ||     1
       Tentacles         ||     1
 Cast: Pain              ||    34
       Animate Skeleton  ||     1
  Use: Potion            ||     1
Armor: Skin              ||     1
Dodge: Dodged            ||     3
